General information
			
			
        
        - name: BNet
 
        - type: Ladder team game (AT/RT)
 
        - host: Battle.net
 
        - saver: Rezifut
 
        
map: SunrockCove 
        - players: 6
 
        - length: 162:45
 
        - speed: Fast
 - version: 1.22 W3XP
 - replay type:  Public
 
» download(801 KB)
Players
        team 1 (winner) 
              
              
GOKUMaN69 (
orange | 36 APM | 5800 actions | 162:43)
              
 8 Warden 
 3 Shadow Strike
 3 Blink
 1 Spirit of Vengeance
 1 Fan of Knives
 9 Pandaren Brewmaster 
 3 Breath of Fire
 2 Drunken Haze
 3 Drunken Brawler
 1 Storm Earth and Fire
 
                » actions 
                
                | Assign group hotkey | 15 |  | 
| Basic commands | 48 |  | 
| Build / train | 106 |  | 
| Enter build submenu | 27 |  | 
| Enter hero's abilities submenu | 19 |  | 
| Give item / drop item | 7 |  | 
| Remove unit from queue | 2 |  | 
| Right click | 2947 |  | 
| Select / deselect | 1786 |  | 
| Select group hotkey | 279 |  | 
| Use ability | 563 |  | 
                5800 total
 » units 
                
                | Wisp | 32 |  | 
| Goblin Zeppelin | 8 |  | 
| Chimaera | 17 |  | 
                57 total
 » upgrades
                
                | Strength of the Wild | 3 |  | 
| Reinforced Hides | 3 |  | 
| Well Spring | 1 |  | 
| Ultravision | 1 |  | 
| Corrosive Breath | 1 |  | 
                9 total
 » buildings
                
                | Altar of Elders | 1 |  | 
| Moon Well | 17 |  | 
| Hunter's Hall | 1 |  | 
| Tree of Ages | 1 |  | 
| Tree of Eternity | 1 |  | 
| Ancient of Wind | 1 |  | 
| Chimaera Roost | 2 |  | 
| Ancient of Wonders | 2 |  | 
| Tree of Life | 2 |  | 
                28 total
 » build order
                00:05 Altar of Elders
00:22 Moon Well
01:43 Moon Well
05:25 Hunter's Hall
05:28 Moon Well
05:32 Moon Well
06:00 Moon Well
06:46 Tree of Ages
09:23 Tree of Eternity
09:27 Ancient of Wind
12:32 Chimaera Roost
12:34 Chimaera Roost
13:56 Ancient of Wonders
15:43 Tree of Life
20:20 Moon Well
20:21 Moon Well
20:22 Moon Well
20:22 Moon Well
20:56 Moon Well
25:02 Moon Well
25:27 Moon Well
25:27 Moon Well
28:51 Moon Well
30:46 Tree of Life
30:50 Ancient of Wonders
30:52 Moon Well
30:54 Moon Well
30:56 Moon Well
» items
                
                | Healing Salve | 1 |  | 
| Scroll of Speed | 1 |  | 
| Potion of Healing | 2 |  | 
| Orb of Lightning | 1 |  | 
| Orb of Venom | 1 |  | 
| Anti-magic Potion | 1 |  | 
| Staff of Preservation | 1 |  | 
| Scroll of Town Portal | 2 |  | 
| Boots of Speed | 2 |  | 
| Staff of Teleportation | 2 |  | 
                14 total
  
               
              
              
KeKeZergRush (
teal | 39 APM | 6340 actions | 162:43)
              
 7 Archmage 
 3 Blizzard
 3 Brilliance Aura
 1 Mass Teleport
 6 Blood Mage 
 3 Flame Strike
 2 Siphon Mana
 1 Summon Phoenix
 
                » actions 
                
                | Assign group hotkey | 22 |  | 
| Basic commands | 28 |  | 
| Build / train | 158 |  | 
| ESC pressed | 3 |  | 
| Enter build submenu | 111 |  | 
| Enter hero's abilities submenu | 13 |  | 
| Give item / drop item | 1 |  | 
| Right click | 2394 |  | 
| Select / deselect | 1038 |  | 
| Select group hotkey | 1989 |  | 
| Use ability | 579 |  | 
                6340 total
 » units 
                
                | Peasant | 14 |  | 
| Sorceress | 1 |  | 
| Priest | 2 |  | 
| Dragonhawk Rider | 15 |  | 
| Gryphon Rider | 4 |  | 
                36 total
 » upgrades
                
                | Masonry | 3 |  | 
| Lumber Harvesting | 2 |  | 
| Magic Sentry | 1 |  | 
| Sorceress Training | 2 |  | 
| Priest Training | 2 |  | 
| Animal War Training | 1 |  | 
| Swords | 3 |  | 
| Cloud | 1 |  | 
| Armor | 3 |  | 
| Storm Hammers | 1 |  | 
                19 total
 » buildings
                
                | Altar of Kings | 2 |  | 
| Lumber Mill | 2 |  | 
| Farm | 15 |  | 
| Scout Tower | 179 |  | 
| Arcane Tower | 5 |  | 
| Guard Tower | 64 |  | 
| Keep | 2 |  | 
| Town Hall | 1 |  | 
| Castle | 2 |  | 
| Arcane Sanctum | 1 |  | 
| Arcane Vault | 2 |  | 
| Gryphon Aviary | 4 |  | 
| Blacksmith | 1 |  | 
| Barracks | 1 |  | 
                281 total
 » build order
                00:08 Altar of Kings
00:12 Lumber Mill
00:23 Farm
01:01 Scout Tower
01:12 Scout Tower
01:22 Farm
01:33 Arcane Tower
01:36 Scout Tower
01:41 Scout Tower
01:50 Arcane Tower
02:01 Guard Tower
02:07 Scout Tower
02:08 Scout Tower
02:16 Guard Tower
02:22 Scout Tower
02:38 Scout Tower
02:52 Guard Tower
03:04 Arcane Tower
03:07 Scout Tower
03:08 Scout Tower
03:11 Scout Tower
03:12 Scout Tower
03:48 Guard Tower
03:51 Scout Tower
03:51 Scout Tower
03:54 Guard Tower
03:57 Scout Tower
03:58 Scout Tower
04:06 Guard Tower
04:20 Keep
04:56 Guard Tower
04:59 Scout Tower
05:01 Scout Tower
05:06 Guard Tower
05:25 Guard Tower
05:58 Farm
06:02 Scout Tower
06:04 Scout Tower
06:14 Scout Tower
06:15 Scout Tower
06:19 Guard Tower
06:23 Scout Tower
06:24 Scout Tower
06:52 Guard Tower
06:56 Guard Tower
06:59 Scout Tower
07:00 Scout Tower
07:00 Scout Tower
07:01 Scout Tower
07:05 Scout Tower
07:44 Town Hall
07:51 Scout Tower
07:53 Scout Tower
07:54 Scout Tower
07:56 Scout Tower
07:56 Scout Tower
07:57 Scout Tower
07:59 Scout Tower
07:59 Scout Tower
08:00 Scout Tower
08:02 Scout Tower
08:03 Scout Tower
08:10 Guard Tower
08:33 Guard Tower
09:25 Castle
09:31 Scout Tower
09:54 Scout Tower
09:55 Scout Tower
09:58 Guard Tower
10:00 Guard Tower
10:05 Guard Tower
10:23 Guard Tower
10:26 Scout Tower
10:27 Scout Tower
11:24 Guard Tower
11:26 Scout Tower
11:27 Scout Tower
11:28 Scout Tower
11:29 Scout Tower
11:29 Scout Tower
11:33 Guard Tower
11:37 Scout Tower
11:39 Scout Tower
11:40 Scout Tower
11:43 Scout Tower
11:46 Scout Tower
11:47 Scout Tower
11:48 Scout Tower
11:49 Scout Tower
11:51 Scout Tower
11:52 Scout Tower
11:53 Scout Tower
11:54 Scout Tower
12:35 Guard Tower
13:00 Arcane Sanctum
13:07 Scout Tower
13:08 Scout Tower
13:09 Scout Tower
13:10 Scout Tower
13:11 Scout Tower
13:15 Scout Tower
13:16 Scout Tower
13:27 Guard Tower
13:43 Scout Tower
13:43 Scout Tower
13:44 Scout Tower
13:47 Scout Tower
13:49 Scout Tower
13:50 Scout Tower
13:51 Scout Tower
13:53 Scout Tower
14:02 Guard Tower
14:06 Guard Tower
14:18 Guard Tower
15:07 Guard Tower
15:15 Arcane Vault
16:12 Arcane Tower
16:14 Guard Tower
16:16 Guard Tower
16:53 Guard Tower
17:33 Scout Tower
17:34 Scout Tower
17:35 Scout Tower
17:36 Scout Tower
17:37 Scout Tower
17:37 Scout Tower
17:38 Scout Tower
17:39 Scout Tower
17:40 Scout Tower
17:41 Scout Tower
17:42 Scout Tower
17:43 Scout Tower
17:45 Scout Tower
17:48 Scout Tower
17:49 Scout Tower
17:50 Scout Tower
17:52 Scout Tower
19:05 Guard Tower
19:21 Guard Tower
19:24 Guard Tower
19:42 Gryphon Aviary
19:44 Gryphon Aviary
19:50 Guard Tower
19:56 Scout Tower
19:56 Scout Tower
19:57 Scout Tower
20:49 Guard Tower
21:29 Guard Tower
21:37 Scout Tower
21:38 Scout Tower
21:41 Scout Tower
21:57 Blacksmith
22:02 Barracks
22:51 Farm
22:54 Farm
36:03 Scout Tower
36:04 Scout Tower
36:06 Scout Tower
36:07 Scout Tower
36:08 Scout Tower
36:11 Scout Tower
36:12 Scout Tower
36:13 Scout Tower
36:15 Scout Tower
36:17 Scout Tower
36:18 Scout Tower
36:44 Guard Tower
37:27 Lumber Mill
38:44 Guard Tower
38:51 Scout Tower
38:53 Scout Tower
38:55 Scout Tower
39:38 Guard Tower
39:45 Scout Tower
39:46 Scout Tower
39:51 Keep
40:28 Guard Tower
40:52 Scout Tower
40:54 Scout Tower
40:55 Scout Tower
40:56 Scout Tower
40:57 Scout Tower
40:58 Scout Tower
41:00 Scout Tower
41:01 Scout Tower
41:03 Scout Tower
41:06 Scout Tower
41:06 Scout Tower
41:08 Scout Tower
41:09 Scout Tower
41:10 Scout Tower
41:12 Scout Tower
41:12 Scout Tower
41:14 Scout Tower
41:15 Scout Tower
41:17 Scout Tower
41:19 Scout Tower
41:20 Scout Tower
41:23 Guard Tower
42:15 Scout Tower
42:16 Scout Tower
42:21 Scout Tower
42:22 Scout Tower
42:23 Scout Tower
42:33 Guard Tower
42:44 Guard Tower
42:50 Scout Tower
42:51 Scout Tower
42:53 Scout Tower
42:55 Scout Tower
42:57 Scout Tower
42:58 Scout Tower
42:59 Scout Tower
43:00 Scout Tower
43:01 Scout Tower
43:02 Scout Tower
43:03 Scout Tower
43:25 Guard Tower
43:28 Guard Tower
44:10 Guard Tower
44:13 Guard Tower
44:13 Guard Tower
44:13 Guard Tower
44:24 Guard Tower
44:41 Scout Tower
44:42 Scout Tower
44:45 Guard Tower
44:48 Guard Tower
45:03 Arcane Vault
45:06 Gryphon Aviary
45:07 Gryphon Aviary
45:15 Guard Tower
45:19 Guard Tower
45:38 Scout Tower
45:42 Guard Tower
45:54 Altar of Kings
46:14 Guard Tower
46:22 Scout Tower
46:23 Scout Tower
46:26 Scout Tower
46:27 Scout Tower
46:29 Scout Tower
46:39 Guard Tower
46:41 Scout Tower
46:42 Scout Tower
46:43 Scout Tower
46:47 Scout Tower
46:48 Scout Tower
46:50 Scout Tower
46:51 Scout Tower
47:32 Guard Tower
48:01 Guard Tower
48:38 Farm
48:39 Farm
52:58 Guard Tower
54:36 Scout Tower
54:37 Scout Tower
55:15 Guard Tower
55:34 Scout Tower
55:37 Scout Tower
55:49 Farm
55:50 Farm
55:51 Farm
55:52 Farm
55:53 Farm
55:54 Farm
56:08 Guard Tower
56:13 Scout Tower
56:14 Scout Tower
56:15 Scout Tower
56:57 Castle
57:28 Guard Tower
71:15 Farm
72:13 Farm
84:40 Scout Tower
84:43 Scout Tower
84:44 Scout Tower
86:27 Guard Tower
96:50 Scout Tower
97:24 Arcane Tower
» items
                
                | Healing Salve | 5 |  | 
| Potion of Healing | 1 |  | 
| Boots of Speed | 2 |  | 
| Staff of Teleportation | 2 |  | 
| Staff of Sanctuary | 2 |  | 
| Orb of Lightning | 1 |  | 
| Scroll of Town Portal | 2 |  | 
                15 total
  
               
              
              
Rezifut (
pink | 52 APM | 8391 actions | 162:45)
              
 9 Blademaster 
 3 Wind Walk
 3 Critical Strike
 1 Bladestorm
 2 Mirror Image
 
                » actions 
                
                | Assign group hotkey | 138 |  | 
| Basic commands | 13 |  | 
| Build / train | 112 |  | 
| ESC pressed | 4 |  | 
| Enter build submenu | 87 |  | 
| Enter hero's abilities submenu | 10 |  | 
| Give item / drop item | 7 |  | 
| Remove unit from queue | 11 |  | 
| Right click | 4702 |  | 
| Select / deselect | 961 |  | 
| Select group hotkey | 1855 |  | 
| Use ability | 491 |  | 
                8391 total
 » units 
                
                | Peon | 14 |  | 
| Troll Batrider | 28 |  | 
| Goblin Zeppelin | 3 |  | 
| Wind Rider | 4 |  | 
                49 total
 » upgrades
                
                | Ranged Weapons | 3 |  | 
| Liquid Fire | 1 |  | 
| Reinforced Defenses | 1 |  | 
| Armor | 3 |  | 
| Spiked Barricades | 3 |  | 
| Backpack | 1 |  | 
| Envenomed Spears | 1 |  | 
                13 total
 » buildings
                
                | Altar of Storms | 2 |  | 
| Orc Burrow | 7 |  | 
| War Mill | 2 |  | 
| Watch Tower | 56 |  | 
| Voodoo Lounge | 2 |  | 
| Stronghold | 2 |  | 
| Beastiary | 5 |  | 
| Fortress | 2 |  | 
| Great Hall | 2 |  | 
                80 total
 » build order
                00:05 Altar of Storms
00:17 Orc Burrow
00:28 War Mill
01:40 Watch Tower
02:00 Watch Tower
02:11 Voodoo Lounge
02:43 Watch Tower
02:45 Watch Tower
03:07 Stronghold
03:25 Watch Tower
03:51 Watch Tower
04:21 Orc Burrow
04:35 Watch Tower
05:29 Beastiary
05:32 Beastiary
05:35 Beastiary
05:43 Fortress
05:46 Watch Tower
05:49 Watch Tower
06:08 Orc Burrow
06:10 Orc Burrow
06:17 Watch Tower
06:58 Watch Tower
07:01 Watch Tower
09:26 Watch Tower
13:19 Watch Tower
13:22 Watch Tower
13:26 Watch Tower
13:42 Watch Tower
18:11 Watch Tower
18:12 Watch Tower
18:13 Watch Tower
18:14 Watch Tower
18:15 Watch Tower
18:16 Watch Tower
22:04 Watch Tower
22:05 Watch Tower
22:05 Watch Tower
22:06 Watch Tower
22:07 Watch Tower
23:16 Watch Tower
23:17 Watch Tower
23:18 Watch Tower
23:55 Watch Tower
23:56 Watch Tower
23:57 Watch Tower
23:59 Watch Tower
24:05 Great Hall
25:01 Watch Tower
25:02 Watch Tower
25:03 Watch Tower
25:03 Watch Tower
25:15 Watch Tower
25:15 Watch Tower
25:16 Watch Tower
25:23 Watch Tower
26:14 Watch Tower
26:15 Watch Tower
26:16 Watch Tower
26:17 Watch Tower
46:23 Great Hall
46:25 Voodoo Lounge
46:29 War Mill
46:35 Orc Burrow
48:57 Orc Burrow
49:01 Watch Tower
49:03 Watch Tower
49:08 Stronghold
50:45 Altar of Storms
50:49 Watch Tower
50:54 Watch Tower
51:34 Beastiary
51:35 Beastiary
51:51 Watch Tower
51:54 Watch Tower
56:09 Orc Burrow
58:20 Fortress
84:47 Watch Tower
84:57 Watch Tower
85:05 Watch Tower
» items
                
                | Lesser Clarity Potion | 3 |  | 
| Healing Salve | 1 |  | 
| Orb of Lightning | 1 |  | 
| Scroll of Speed | 2 |  | 
| Boots of Speed | 1 |  | 
| Potion of Lesser Invulnerability | 10 |  | 
| Anti-magic Potion | 2 |  | 
| Circlet of Nobility | 1 |  | 
| Scroll of Town Portal | 2 |  | 
| Staff of Teleportation | 1 |  | 
                24 total
  
               team 2 (loser) 
              
              
Homebrew. (
blue | 54 APM | 8842 actions | 162:43)
              
 8 Tauren Chieftain 
 3 War Stomp
 3 Endurance Aura
 1 Reincarnation
 1 Shockwave
 7 Shadow Hunter 
 3 Healing Wave
 3 Hex
 1 Big Bad Voodoo
 
                » actions 
                
                | Assign group hotkey | 84 |  | 
| Basic commands | 520 |  | 
| Build / train | 139 |  | 
| ESC pressed | 21 |  | 
| Enter build submenu | 99 |  | 
| Enter hero's abilities submenu | 15 |  | 
| Give item / drop item | 15 |  | 
| Right click | 2685 |  | 
| Select / deselect | 1896 |  | 
| Select group hotkey | 2738 |  | 
| Use ability | 630 |  | 
                8842 total
 » units 
                
                | Peon | 18 |  | 
| Grunt | 3 |  | 
| Troll Headhunter/Berserker | 9 |  | 
| Demolisher | 4 |  | 
| Troll Witch Doctor | 8 |  | 
| Goblin Shredder | 2 |  | 
| Raider | 9 |  | 
| Kodo Beast | 1 |  | 
| Troll Batrider | 14 |  | 
| Tauren | 12 |  | 
| Shaman | 5 |  | 
| Goblin Zeppelin | 4 |  | 
                89 total
 » upgrades
                
                | Berserker Strength | 1 |  | 
| Burning Oil | 1 |  | 
| Witch Doctor Training | 2 |  | 
| Ensnare | 1 |  | 
| Reinforced Defenses | 1 |  | 
| Pulverize | 1 |  | 
| Shaman Training | 3 |  | 
| Spiked Barricades | 1 |  | 
| Armor | 1 |  | 
                12 total
 » buildings
                
                | Altar of Storms | 1 |  | 
| Orc Burrow | 7 |  | 
| Barracks | 2 |  | 
| War Mill | 1 |  | 
| Stronghold | 2 |  | 
| Watch Tower | 53 |  | 
| Great Hall | 7 |  | 
| Fortress | 1 |  | 
| Spirit Lodge | 1 |  | 
| Beastiary | 1 |  | 
| Tauren Totem | 1 |  | 
| Voodoo Lounge | 8 |  | 
                85 total
 » build order
                00:08 Altar of Storms
00:20 Orc Burrow
00:50 Barracks
01:31 Orc Burrow
01:47 War Mill
02:12 Barracks
03:08 Stronghold
03:09 Stronghold
03:18 Orc Burrow
03:53 Watch Tower
05:13 Great Hall
05:58 Watch Tower
06:07 Orc Burrow
07:03 Great Hall
07:45 Fortress
09:13 Orc Burrow
09:27 Spirit Lodge
12:36 Watch Tower
12:53 Beastiary
13:18 Watch Tower
13:22 Watch Tower
14:39 Tauren Totem
15:30 Great Hall
15:52 Watch Tower
16:52 Great Hall
16:55 Watch Tower
18:01 Watch Tower
18:16 Watch Tower
19:45 Voodoo Lounge
19:48 Watch Tower
20:17 Watch Tower
20:55 Watch Tower
22:32 Orc Burrow
23:31 Watch Tower
26:25 Watch Tower
26:34 Watch Tower
26:39 Watch Tower
26:58 Watch Tower
27:05 Voodoo Lounge
27:21 Watch Tower
27:23 Watch Tower
27:26 Watch Tower
28:59 Watch Tower
31:05 Great Hall
31:40 Watch Tower
31:57 Watch Tower
31:59 Watch Tower
32:02 Voodoo Lounge
33:38 Great Hall
35:03 Watch Tower
35:21 Watch Tower
35:23 Watch Tower
36:11 Watch Tower
36:46 Voodoo Lounge
37:02 Watch Tower
37:05 Watch Tower
38:53 Watch Tower
39:14 Watch Tower
40:07 Watch Tower
40:31 Orc Burrow
40:53 Watch Tower
41:15 Great Hall
42:08 Watch Tower
42:59 Watch Tower
51:22 Voodoo Lounge
51:48 Voodoo Lounge
51:53 Watch Tower
52:29 Watch Tower
53:37 Watch Tower
53:41 Watch Tower
53:46 Watch Tower
53:48 Watch Tower
55:22 Watch Tower
55:25 Watch Tower
57:45 Voodoo Lounge
60:09 Watch Tower
60:43 Watch Tower
60:46 Watch Tower
61:20 Watch Tower
62:27 Watch Tower
63:16 Voodoo Lounge
63:22 Watch Tower
63:34 Watch Tower
64:46 Watch Tower
65:24 Watch Tower
» items
                
                | Potion of Lesser Invulnerability | 3 |  | 
| Scroll of Town Portal | 5 |  | 
| Potion of Mana | 3 |  | 
| Orb of Lightning | 1 |  | 
| Lesser Clarity Potion | 3 |  | 
                15 total
  
               
              
              
HomeSnizzle (
yellow | 56 APM | 8616 actions | 152:29)
              
 6 Keeper of the Grove 
 3 Entangling Roots
 2 Force of Nature
 1 Tranquility
 5 Priestess of the Moon 
 3 Searing Arrows
 2 Scout
 
                » actions 
                
                | Assign group hotkey | 128 |  | 
| Basic commands | 913 |  | 
| Build / train | 165 |  | 
| Enter build submenu | 33 |  | 
| Enter hero's abilities submenu | 11 |  | 
| Give item / drop item | 3 |  | 
| Remove unit from queue | 1 |  | 
| Right click | 3186 |  | 
| Select / deselect | 1021 |  | 
| Select group hotkey | 2952 |  | 
| Use ability | 202 |  | 
                8616 total
 » units 
                
                | Wisp | 40 |  | 
| Archer | 15 |  | 
| Hippogryph | 19 |  | 
| Druid of the Talon | 7 |  | 
| Dryad | 17 |  | 
| Glaive Thrower | 12 |  | 
| Goblin Zeppelin | 1 |  | 
| Chimaera | 7 |  | 
                118 total
 » upgrades
                
                | Improved Bows | 1 |  | 
| Strength of the Moon | 2 |  | 
| Hippogryph Taming | 1 |  | 
| Nature's Blessing | 1 |  | 
| Strength of the Wild | 2 |  | 
| Abolish Magic | 1 |  | 
| Druid of the Talon Training | 2 |  | 
| Vorpal Blades | 1 |  | 
| Moon Armor | 2 |  | 
| Reinforced Hides | 1 |  | 
| Marksmanship | 1 |  | 
| Mark of the Talon | 1 |  | 
| Corrosive Breath | 1 |  | 
                17 total
 » buildings
                
                | Altar of Elders | 1 |  | 
| Moon Well | 9 |  | 
| Ancient of Wonders | 2 |  | 
| Hunter's Hall | 1 |  | 
| Ancient Protector | 9 |  | 
| Tree of Ages | 1 |  | 
| Ancient of War | 1 |  | 
| Ancient of Wind | 1 |  | 
| Tree of Life | 3 |  | 
| Ancient of Lore | 1 |  | 
| Tree of Eternity | 1 |  | 
| Chimaera Roost | 1 |  | 
                31 total
 » build order
                00:12 Altar of Elders
00:19 Moon Well
01:01 Moon Well
01:47 Ancient of Wonders
02:54 Hunter's Hall
04:00 Ancient Protector
04:20 Ancient Protector
05:05 Tree of Ages
05:49 Ancient Protector
07:15 Ancient of War
07:33 Ancient of Wind
09:09 Moon Well
09:18 Ancient Protector
09:41 Tree of Life
10:45 Ancient of Lore
14:08 Moon Well
14:09 Moon Well
15:23 Tree of Life
15:41 Ancient Protector
16:39 Ancient Protector
17:33 Ancient Protector
19:04 Ancient Protector
20:10 Ancient Protector
20:52 Ancient of Wonders
22:05 Tree of Eternity
22:09 Moon Well
22:39 Moon Well
53:51 Moon Well
55:39 Moon Well
57:45 Tree of Life
75:39 Chimaera Roost
» items
                
                | Dust of Appearance | 1 |  | 
| Staff of Preservation | 1 |  | 
| Potion of Healing | 3 |  | 
| Scroll of Regeneration | 2 |  | 
| Lesser Clarity Potion | 2 |  | 
| Orb of Fire | 1 |  | 
| Staff of Sanctuary | 1 |  | 
| Scroll of Town Portal | 2 |  | 
| Potion of Lesser Invulnerability | 1 |  | 
                14 total
  
               
              
              
homestuff. (
red | 53 APM | 7885 actions | 149:40)
              
 8 Mountain King 
 3 Storm Bolt
 2 Thunder Clap
 1 Avatar
 2 Bash
 5 Blood Mage 
 3 Siphon Mana
 2 Banish
 4 Paladin 
 2 Holy Light
 1 Divine Shield
 1 Devotion Aura
 
                » actions 
                
                | Assign group hotkey | 84 |  | 
| Basic commands | 121 |  | 
| Build / train | 168 |  | 
| Enter build submenu | 54 |  | 
| Enter hero's abilities submenu | 16 |  | 
| Give item / drop item | 8 |  | 
| Remove unit from queue | 1 |  | 
| Right click | 2908 |  | 
| Select / deselect | 2404 |  | 
| Select group hotkey | 1812 |  | 
| Use ability | 305 |  | 
                7885 total
 » units 
                
                | Peasant | 15 |  | 
| Footman | 14 |  | 
| Rifleman | 7 |  | 
| Mortar Team | 2 |  | 
| Dragonhawk Rider | 8 |  | 
| Siege Engine | 7 |  | 
| Gryphon Rider | 15 |  | 
| Flying Machine | 18 |  | 
| Spell Breaker | 1 |  | 
| Goblin Zeppelin | 1 |  | 
                88 total
 » upgrades
                
                | Defend | 1 |  | 
| Gunpowder | 3 |  | 
| Long Rifles | 1 |  | 
| Plating | 2 |  | 
| Lumber Harvesting | 1 |  | 
| Swords | 2 |  | 
| Flare | 1 |  | 
| Masonry | 3 |  | 
| Animal War Training | 1 |  | 
| Cloud | 1 |  | 
| Barrage | 1 |  | 
| Magic Sentry | 1 |  | 
| Storm Hammers | 1 |  | 
| Armor | 1 |  | 
| Control Magic | 1 |  | 
| Flak Cannons | 1 |  | 
                22 total
 » buildings
                
                | Altar of Kings | 1 |  | 
| Farm | 11 |  | 
| Barracks | 3 |  | 
| Blacksmith | 1 |  | 
| Arcane Vault | 1 |  | 
| Keep | 1 |  | 
| Scout Tower | 21 |  | 
| Arcane Tower | 1 |  | 
| Lumber Mill | 1 |  | 
| Arcane Sanctum | 1 |  | 
| Town Hall | 2 |  | 
| Guard Tower | 17 |  | 
| Workshop | 1 |  | 
| Castle | 1 |  | 
| Gryphon Aviary | 2 |  | 
                65 total
 » build order
                00:09 Altar of Kings
00:38 Farm
00:52 Barracks
00:58 Farm
01:49 Barracks
02:07 Farm
02:22 Blacksmith
02:33 Farm
03:16 Farm
03:18 Arcane Vault
03:29 Keep
04:35 Scout Tower
05:53 Arcane Tower
05:59 Lumber Mill
06:13 Farm
06:38 Farm
06:54 Farm
07:36 Arcane Sanctum
08:02 Town Hall
10:08 Barracks
10:56 Scout Tower
10:58 Scout Tower
11:33 Guard Tower
11:54 Guard Tower
11:57 Scout Tower
12:31 Town Hall
12:46 Guard Tower
13:35 Scout Tower
13:45 Scout Tower
14:04 Farm
14:15 Guard Tower
14:27 Workshop
15:08 Guard Tower
15:50 Farm
16:14 Castle
16:20 Scout Tower
16:21 Scout Tower
16:58 Guard Tower
17:02 Farm
17:18 Guard Tower
17:22 Scout Tower
18:13 Guard Tower
18:18 Gryphon Aviary
19:02 Scout Tower
19:04 Scout Tower
19:07 Scout Tower
19:09 Scout Tower
19:29 Guard Tower
19:35 Guard Tower
19:36 Guard Tower
19:41 Scout Tower
20:14 Guard Tower
20:41 Scout Tower
20:57 Scout Tower
21:11 Guard Tower
21:31 Guard Tower
21:45 Scout Tower
22:27 Scout Tower
22:27 Guard Tower
22:33 Scout Tower
23:01 Guard Tower
23:31 Scout Tower
23:32 Scout Tower
25:09 Guard Tower
29:14 Gryphon Aviary
» items
                
                | Scroll of Regeneration | 3 |  | 
| Lesser Clarity Potion | 1 |  | 
| Boots of Speed | 1 |  | 
| Scroll of Town Portal | 2 |  | 
| Potion of Healing | 2 |  | 
| Orb of Venom | 1 |  | 
| Orb of Lightning | 1 |  | 
| Potion of Lesser Invulnerability | 3 |  | 
                14 total
  
                Chat log
          (00:10 / All) GOKUMaN69: hey
(00:14 / All) GOKUMaN69: how you doing?
(03:36 / Allies) KeKeZergRush: teching
(05:46 / Allies) KeKeZergRush: kogt
(12:51 / Allies) KeKeZergRush: lum please
(13:01 / Allies) KeKeZergRush: ty
(14:25 / Allies) KeKeZergRush: gold you said
(14:26 / Allies) KeKeZergRush: it cut out?
(16:58 / Allies) KeKeZergRush: lots of defend men
(29:14 / All) GOKUMaN69: I think you guys lose lol
(29:26 / All) Rezifut: 3 expos vs. 3 expos?? why you so serious
(29:30 / Allies) KeKeZergRush: you crept that?
(31:30 / Allies) KeKeZergRush: zep?
(31:41 / Allies) KeKeZergRush: taking the three from your base
(39:25 / Allies) Rezifut: wood
(40:08 / Allies) KeKeZergRush: anyone see where that zepp went
(40:13 / Allies) KeKeZergRush: will drop 5 more at island to tower
(40:15 / Allies) Rezifut: dead
(46:58 / Allies) KeKeZergRush: only got 1 k left
(47:11 / Allies) KeKeZergRush: ty ty
(49:22 / Allies) KeKeZergRush: 2 here
(49:51 / Allies) KeKeZergRush: up
(50:56 / Allies) KeKeZergRush: blue dropping workers
(57:45 / Allies) KeKeZergRush: kill these hawks?
(59:21 / All) Homebrew.: gg
(59:25 / All) Rezifut: gg leave
(61:13 / Allies) KeKeZergRush: keep making hawks or gryphs?
(61:15 / Allies) KeKeZergRush: mix
(61:24 / Allies) Rezifut: both
(66:21 / Allies) KeKeZergRush: tp
(67:29 / All) KeKeZergRush: so do you guys like long games?
(68:26 / Allies) KeKeZergRush: shuold i put hawks here in case they try to cloud here
(68:29 / Allies) KeKeZergRush: or just let it fall?
(71:10 / Allies) KeKeZergRush: nah i got the gold
(73:48 / All) KeKeZergRush: hey guys welcome to the sunrock cockblock
(73:52 / All) KeKeZergRush: enjoy your stay
(76:11 / All) KeKeZergRush: hi mr owl
(76:15 / All) KeKeZergRush: who who are you
(76:42 / Allies) KeKeZergRush: bbv can reach from the shore?
(77:21 / Allies) KeKeZergRush: want to drop a few critters on island?
(78:12 / Allies) KeKeZergRush: they would need to siege outer towers
(78:18 / Allies) KeKeZergRush: enough room to drop and tranq bbv
(79:30 / Allies) KeKeZergRush: man if this goes south cant even blame the imbalance of fiends either
(79:42 / Allies) Rezifut: imbalance of TC
(79:50 / Allies) Rezifut: killed me so many times
(79:53 / Allies) Rezifut: that too
(80:34 / Allies) KeKeZergRush: prob siege if they moved wisp up
(80:51 / Allies) GOKUMaN69: -cam
(80:56 / All) Rezifut: yo whats up
(81:07 / All) KeKeZergRush: so do you guys play custom maps
(81:51 / Allies) KeKeZergRush: saw
(83:15 / Allies) KeKeZergRush: dont burn trees so i can aoe shore
(83:17 / Allies) KeKeZergRush: right
(83:35 / Allies) KeKeZergRush: bats too
(83:42 / Allies) KeKeZergRush: got upgraded armor tho
(87:08 / All) KeKeZergRush: should have warded
(87:17 / All) KeKeZergRush: heal warded
(88:25 / Allies) Rezifut: 100 wood
(89:25 / All) GOKUMaN69: why do you want a win so badly?
(89:29 / All) GOKUMaN69: just a number
(89:33 / All) Homebrew.: LOL
(91:37 / Allies) KeKeZergRush: shackled and voodoo
(93:51 / Allies) KeKeZergRush: soo close to aoe range
(95:56 / Allies) KeKeZergRush: dont want to hit that
(96:07 / Allies) KeKeZergRush: wasnt goign to
(96:13 / Allies) KeKeZergRush: can rape that kotg
(96:19 / Allies) KeKeZergRush: got pot of invul tho
(97:19 / Allies) KeKeZergRush: he warded or somethin
(97:49 / Allies) KeKeZergRush: everything moved we can take that
(97:52 / Allies) KeKeZergRush: nm
(98:13 / Allies) KeKeZergRush: scan tower up
(98:39 / Allies) KeKeZergRush: scan the top island?
(98:50 / All) Homebrew.: hahah...and u?
(98:56 / All) Rezifut: we just losers obv
(99:00 / All) GOKUMaN69: just chilling
(99:08 / All) KeKeZergRush: vent party
(99:12 / All) Homebrew.: lol
(99:43 / All) HomeSnizzle: bye
(99:46 / Allies) KeKeZergRush: time flies when you have fun
(99:48 / All) Rezifut: bye
(99:54 / All) GOKUMaN69: see you
(100:11 / Allies) KeKeZergRush: give that one scan tower a work out
(101:36 / Allies) KeKeZergRush: zepp maybe
(101:39 / Allies) KeKeZergRush: want to kill
(101:43 / Allies) KeKeZergRush: moved it
(101:52 / Allies) KeKeZergRush: scan ready
(101:56 / Allies) KeKeZergRush: nah he moved the zepp
(102:41 / Allies) KeKeZergRush: witch doctor
(103:33 / All) KeKeZergRush: if only that owl could attack
(103:36 / All) KeKeZergRush: this game would be over
(103:55 / All) KeKeZergRush: we thought u left
(104:06 / All) GOKUMaN69: good morning
(105:46 / Allies) KeKeZergRush: scan is up
(106:02 / Allies) KeKeZergRush: thats not a lot
(106:32 / Allies) KeKeZergRush: moving priests near bat
(106:43 / Allies) KeKeZergRush: priest cheaper
(107:10 / All) KeKeZergRush: so what kind of internet connection you got?
(107:31 / All) Rezifut: im one block away from blizzard servers
(108:32 / Allies) KeKeZergRush: 1 hawk
(108:35 / Allies) KeKeZergRush: yp
(109:16 / Allies) KeKeZergRush: scan up
(110:26 / All) KeKeZergRush: hey buddy this is real time not turn based
(110:28 / All) KeKeZergRush: stop moving shit
(112:52 / Allies) KeKeZergRush: killing own units
(112:56 / All) Rezifut: genocide isnt nice
(113:42 / All) Homebrew.: u win
(113:44 / All) Homebrew.: come take us
(113:47 / All) Rezifut: ok
(113:50 / All) GOKUMaN69: NO THANKS
(113:53 / All) KeKeZergRush: same thing your prom date said to me
(113:58 / All) Homebrew.: LOL
(114:31 / Allies) KeKeZergRush: nope killing hawks too
(114:35 / All) Homebrew.: we have no more units
(114:42 / All) GOKUMaN69: No
(114:48 / All) KeKeZergRush: scan towers says you are lying
(114:49 / All) GOKUMaN69: just quit
(115:06 / All) Homebrew.: uh...U just saw me kill all our air
(115:12 / All) KeKeZergRush: if you are true
(115:12 / All) Rezifut: you have chims
(115:17 / All) KeKeZergRush: sacrifice units
(115:21 / All) GOKUMaN69: KILL ALL YOUR HEROS
(115:22 / All) Rezifut: you didnt show us those chims
(115:23 / All) KeKeZergRush: to the great mountain gods
(115:25 / All) Homebrew.: LOL
(116:10 / Allies) KeKeZergRush: scan up
(116:39 / Allies) KeKeZergRush: its on fire
(116:52 / All) Rezifut: your altar is on fire you should fxi that
(117:08 / All) KeKeZergRush: not in the good nba jam way either
(118:33 / Allies) KeKeZergRush: put out that fire
(118:36 / Allies) KeKeZergRush: should be a fireman
(118:49 / Allies) KeKeZergRush: owl scout
(118:59 / All) KeKeZergRush: hey if your heroes are dead where are the owls coming from
(119:57 / All) Homebrew.: it's yours to take
(120:14 / All) KeKeZergRush: all that hard work and lasting time
(120:18 / All) KeKeZergRush: no one gives up after all that
(120:24 / All) Homebrew.: LOL
(120:29 / All) Homebrew.: my buddies aren't even here
(120:32 / All) Homebrew.: they're taking a shower
(120:36 / All) KeKeZergRush: especially after such a preemptive gg 
(120:38 / All) KeKeZergRush: together
(120:39 / All) Rezifut: ya so am i
(120:44 / All) Rezifut: so fuck you
(120:46 / All) KeKeZergRush: they didnt invite you for 3s shower battle
(120:51 / All) Homebrew.: hahah
(120:58 / All) Homebrew.: stale mate
(121:05 / All) GOKUMaN69: stale m8
(121:06 / All) KeKeZergRush: so thats what it tasted like?
(121:07 / All) Rezifut: we'll think about it
(121:09 / All) KeKeZergRush: too much info
(121:47 / Allies) KeKeZergRush: with all this air what can really take it down
(121:50 / All) KeKeZergRush: just gyros and tanks
(122:38 / All) KeKeZergRush: man if those owls would stop dissappearing and fight
(122:44 / All) KeKeZergRush: you would have won this al ong time ago
(122:57 / All) GOKUMaN69: niggggerrr
(123:48 / Allies) KeKeZergRush: man want to aoe some towers or something
(124:08 / Allies) KeKeZergRush: yeah that is the tough parth
(124:37 / Allies) KeKeZergRush: owl 
(124:46 / All) KeKeZergRush: hello mr tc
(125:21 / All) Rezifut: where did you guys go???
(125:23 / All) KeKeZergRush: that looks like giving up to me
(125:39 / All) Homebrew.: they finished their nap
(125:49 / All) KeKeZergRush: that homo shower must have worn them out
(125:58 / All) Homebrew.: yup
(126:17 / Allies) KeKeZergRush: 4 or 5
(126:22 / All) Homebrew.: mr warden got scared?
(126:32 / All) KeKeZergRush: you had to call in reinforcements
(126:33 / All) Homebrew.: TC vs W....  1 on 1
(126:38 / All) GOKUMaN69: ITS A GIRL RETARD
(126:40 / All) Homebrew.: and u didn't?
(126:46 / All) KeKeZergRush: after you did
(126:53 / All) GOKUMaN69: yo
(126:57 / All) GOKUMaN69: the sh came
(127:48 / Allies) KeKeZergRush: scan
(128:33 / All) KeKeZergRush: what were you researching the swimming upgrade?
(128:56 / All) KeKeZergRush: so do tanks float on water?
(129:03 / All) KeKeZergRush: we are making an ice bridge dont worry
(129:10 / All) Homebrew.: mighty display of power there
(129:20 / All) KeKeZergRush: if that damn panda would cut it with the fire
(130:31 / All) KeKeZergRush: the sh wants to show off his power too
(130:46 / All) KeKeZergRush: that owl is really invulnerable
(130:55 / All) KeKeZergRush: survived all that
(135:29 / All) Rezifut: mindgamez
(136:25 / Allies) KeKeZergRush: i can prob entangle one and if they arent on hold we can grab 4 of em
(136:50 / Allies) Rezifut: fuck
(136:53 / Allies) Rezifut: lol
(136:59 / Allies) KeKeZergRush: unit for unit
(137:00 / Allies) Rezifut: didnt need to do that ><
(137:09 / Allies) Rezifut: well
(137:11 / Allies) Rezifut: archers
(137:15 / Allies) Rezifut: 2 untis
(138:52 / Allies) Rezifut: zepp
(139:39 / Allies) KeKeZergRush: zepp there
(139:50 / Allies) Rezifut: haha
(139:52 / All) KeKeZergRush: haha
(140:08 / Allies) Rezifut: hmm i guess they were gonan try going over??
(140:11 / Allies) Rezifut: woulda been mass kills
(140:24 / All) KeKeZergRush: we just saved you from being slaughtered
(140:27 / All) KeKeZergRush: you should thank us
(140:35 / Allies) Rezifut: shh now they might realize
(141:14 / All) KeKeZergRush: shit how will i recover my  mana
(142:15 / All) GOKUMaN69: you fags here?
(142:23 / All) KeKeZergRush: another shower?
(146:35 / Allies) KeKeZergRush: dont know
(146:39 / Allies) KeKeZergRush: looking for something to do
(146:46 / Allies) KeKeZergRush: if they tp
(146:52 / Allies) KeKeZergRush: that will be the last of their money
(146:56 / Allies) KeKeZergRush: i hope
(147:13 / Allies) KeKeZergRush: guessing im clouding
(147:21 / Allies) KeKeZergRush: no wyvs?
(147:31 / Allies) KeKeZergRush: piercing i know
(149:33 / All) GOKUMaN69: dat base dead
(149:40 / Allies) KeKeZergRush: over water right
(149:44 / All) Rezifut: gg
(152:14 / Allies) KeKeZergRush: they moved everything
(152:25 / Allies) KeKeZergRush: curse those ne
(152:58 / All) Rezifut: shoulda just left when i told you to
(153:57 / Allies) KeKeZergRush: how come i cant move those?
(154:19 / Allies) KeKeZergRush: im telling you right clicking with them dont work
(154:31 / Allies) KeKeZergRush: now
(155:54 / Allies) KeKeZergRush: which one is left?
(156:46 / All) Rezifut: yo we are used to killing every last building
(156:55 / All) Rezifut: you arent the first to think this pisses us off
(158:21 / Allies) KeKeZergRush: brt
(158:57 / Allies) KeKeZergRush: got mass tp
(158:58 / Allies) KeKeZergRush: woot
(159:51 / All) KeKeZergRush: should have never killed all that air
(160:42 / Allies) KeKeZergRush: just heroes?
(161:04 / Allies) KeKeZergRush: towers units?